 Dungeon Crawl Stone Soup version 0.30-a0-595-g91969c0fa5 (webtiles) character file.

Game seed: 3975012018851493677

114 Leeroy the Insei (level 4, -2/48 HPs)
             Began as a Merfolk Transmuter on Jan 6, 2023.
             Succumbed to a water moccasin's poison
             ... on level 3 of the Dungeon.
             The game lasted 00:02:46 (2150 turns).

Leeroy the Insei (Merfolk Transmuter)               Turns: 2150, Time: 00:02:47

Health: -2/48      AC:  6    Str: 10    XL:     4   Next: 98%
Magic:  4/7        EV: 20    Int: 14    God:
Gold:   135        SH:  0    Dex: 19    Spells: 1/7 levels left

rFire   . . .      SeeInvis .      - Unarmed
rCold   . . .      Faith    .    (shield currently unavailable)
rNeg    . . .      Spirit   .    (body armour currently unavailable)
rPois   x          Reflect  .    (helmet currently unavailable)
rElec   .          Harm     .    (cloak currently unavailable)
rCorr   .          Rampage  .    (gloves currently unavailable)
Will    .....                    (boots currently unavailable) Stlth
                                 n - amulet of the acrobat
HPRegen 0.28/turn                p - +4 ring of protection
MPRegen 0.10/turn                (no ring)

@: berserking, lethally poisoned (-2 -> -37), spider-form (expiring), very quick
A: venomous fangs, tiny, (nimble swimmer 2), (mertail)
a: End Transformation


You were on level 3 of the Dungeon.
You were a venomous arachnid creature.
You visited 1 branch of the dungeon, and saw 3 of its levels.

You collected 135 gold pieces.

Inventory:

Hand Weapons
 t - a +1 dagger of draining
Missiles
 e - 4 curare-tipped darts
 k - 8 poisoned darts
 l - 5 javelins
Armour
 a - a +0 robe (melded)
Jewellery
 n - an amulet of the acrobat (around neck)
 o - the ring of Dithmenos's Whim {Fly rF+ MP+9 Slay-3}
   (You found it on level 2 of the Dungeon)

   [ring of flight]

   Slay:      It affects your accuracy & damage with ranged weapons and melee
   (-3).
   rF:        It protects you from fire.
   MP:        It affects your magic capacity (+9).
   Fly:       It grants you flight.
 p - a +4 ring of protection (left front leg)
 q - an amulet of faith
Scrolls
 c - 2 scrolls of fear {unknown}
 d - a scroll of vulnerability {unknown}
 f - 2 scrolls of noise {unknown}
 g - a scroll of teleportation {unknown}
 i - 3 scrolls of identify {unknown}
 s - a scroll of amnesia {unknown}
Potions
 b - 2 potions of lignification
 h - 3 potions of berserk rage
 j - 3 potions of might {unknown}
 m - a potion of heal wounds {unknown}
 r - a potion of magic {unknown}


   Skills:
 - Level 1.1 Fighting
 - Level 2.6 Dodging
 + Level 6.0 Unarmed Combat
 - Level 2.0 Spellcasting
 + Level 2.8 Transmutations


You had one spell level left.
You knew the following spells:

 Your Spells              Type           Power      Damage    Failure   Level
a - Beastly Appendage     Tmut           18%        N/A       21%         1
b - Spider Form           Tmut/Pois      5%         N/A       58%         3
c - Wereblood             Tmut           9%         N/A       26%         2

Your spell library contained the following spells:

 Spells                   Type           Power      Damage    Failure   Level
 Apportation              Tloc           2%         N/A       45%         1
 Necrotise                Necr           4%         1d4       45%         1
 Summon Small Mammal      Summ           4%         N/A       45%         1
 Ice Form                 Ice/Tmut       5%         N/A       91%         4


Dungeon Overview and Level Annotations

Branches:
Dungeon (3/15)

Altars:
The Shining One


Innate Abilities, Weirdness & Mutations

You are a venomous arachnid creature.
You have poisonous fangs.
You are tiny and dextrous.
Your spellcasting is less reliable in this form.
Your armour is entirely melded.
You are incapable of wielding weapons or throwing items.
((You are very nimble when in or above water. (Stealth+, EV+, Speed+++)))
((Your lower body shifts to a powerful aquatic tail in water.))


Message History

A water moccasin is nearby!
A water moccasin is nearby!
A kobold comes into view.
It is wielding a +0 dagger and quivering poisoned darts.
Found a glowing brass amulet and 5 gold pieces.
The kobold shouts!
Casting: Spider Form (quite dangerous; 36% risk of failure)
Confirm with . or Enter, or press ? or * to list all spells.
The spell is quite dangerous to miscast (36% risk of failure)!
Continue anyway?
Okay, then.
Really walk into that dispersal trap?
You enter a dispersal trap!
The water moccasin blinks! x2; You blink.
You open the door.
The water moccasin completely misses you.
There is an open door here.
The water moccasin attacks as you move away!
The water moccasin bites you.
Casting: Spider Form (quite dangerous; 36% risk of failure)
Confirm with . or Enter, or press ? or * to list all spells.
The spell is quite dangerous to miscast (36% risk of failure)!
Continue anyway?
You turn into a venomous arachnid creature.
Your +0 robe melds into your body.
The water moccasin barely misses you.
You closely miss the water moccasin. The water moccasin bites you.
You are poisoned.
The water moccasin poisons you!
You hit the water moccasin.
The water moccasin is moderately wounded.
Your transformation is almost over.
You feel very sick. The water moccasin bites you. x2
You are more poisoned.
The water moccasin poisons you!
You hit the water moccasin.
The water moccasin is poisoned.
The water moccasin is moderately wounded.
* * * LOW HITPOINT WARNING * * *
You feel extremely sick. The water moccasin barely misses you.
It was a potion of berserk rage.
A red film seems to cover your vision as you go berserk!
You feel yourself moving faster!
You feel mighty!
You die...

#...###### #......".#
#######..# .###
#....^...####...#
#.###.......<# #.#
#........# ####.#
#...K....# # #....#
####S###.##.####
##.########s###........
#.# #........)....####
#.# ##.###.##########
#.# #.###..........#
#.# #.............##
#.##############.#.#
#................#.#
###################.#
#.......#...<)..))..#


You could see a water moccasin (very poisoned) and a kobold.

Vanquished Creatures
  3 adders
  2 worms (D:2)
  2 dart slugs (D:1)
  4 orcs (D:3)
  3 ball pythons
  6 bats
  5 endoplasms
  3 giant cockroaches (D:2)
  8 goblins
  4 hobgoblins
  4 jackals
  6 kobolds
  A quokka (D:1)
  7 frilled lizards
  10 rats
68 creatures vanquished.

Notes
Turn   | Place    | Note
-------+----------+-------------------------------------------
     0 | D:1      | Leeroy the Merfolk Transmuter began the quest for the Orb.
     0 | D:1      | Reached XP level 1. HP: 15/15 MP: 3/3
    52 | D:1      | Found a faded altar of an unknown god.
    96 | D:1      | Reached XP level 2. HP: 20/21 MP: 5/5
   143 | D:1      | Reached skill level 4 in Unarmed Combat
   442 | D:1      | Reached XP level 3. HP: 25/26 MP: 6/6
   993 | D:2      | Reached skill level 5 in Unarmed Combat
  1072 | D:1      | Learned a level 3 spell: Spider Form
  1075 | D:1      | Learned a level 2 spell: Wereblood
  1330 | D:2      | Reached XP level 4. HP: 32/32 MP: 1/7
  1400 | D:2      | Identified the ring of Dithmenos's Whim {Fly rF+ MP+9
                  | Slay-3}
  1644 | D:2      | Found a glowing golden altar of the Shining One.
  2054 | D:3      | Reached skill level 6 in Unarmed Combat
  2138 | D:3      | Noticed a water moccasin
  2150 | D:3      | Succumbed to a water moccasin's poison

Illustrated notes

Levels and vault maps discovered:
D:1:      mushboom_english_gardens, layout_basic, shapermc_ecumenical_altar_venn
D:2:      layout_loops_ring, basic_altar, minmay_joined_circles
D:3:      layout_basic

Skill      XL: |  1  2  3  4 |
---------------+-------------+-----
Unarmed Combat | 4 5 6 |  6.0
Fighting       | |  1.1
Dodging        | |  2.6
Spellcasting   | |  2.0
Transmutations | |  2.8

Action                   |  1- 3 |  4- 6 || total
-------------------------+-------+-------++-------
Melee: Unarmed           |   136 |    61 ||   197
       Punch             |     3 |       ||     3
 Cast: Spider Form       |     2 |     3 ||     5
       Wereblood         |     1 |       ||     1
  Use: Potion            |       |     1 ||     1
 Stab: Sleeping          |     2 |     3 ||     5
Armor: Robe              |    30 |     7 ||    37
       Skin              |     1 |     1 ||     2
Dodge: Dodged            |    79 |    53 ||   132

Table legend: (Time is in decaauts)
 A = Elapsed time spent in this place.
 B = Non-inter-level travel time spent in this place.
 C = Inter-level travel time spent in this place.
 D = Time resting spent in this place.
 E = Time spent auto-exploring this place.
 F = Levels seen in this place.
 G = Mean time per level.
                   A        B        C        D        E       F      G
               +--------+--------+--------+--------+--------+-----+--------+
         Total |   2131 |   2061 |     70 |    124 |   1509 |   3 |  710.3 |
       Dungeon |   2131 |   2061 |     70 |    124 |   1509 |   3 |  710.3 |
               +--------+--------+--------+--------+--------+-----+--------+

Top non-repeatable levels by time:
     D:1: 1065 daAuts
     D:2: 830 daAuts
     D:3: 235 daAuts
